 Dungeon Crawl Stone Soup version 0.17-a0-1533-g2f57bce (webtiles) character file.

25 ololoev the Grave Robber (level 2, -8/17 HPs)
             Began as a Vampire Necromancer on July 16, 2015.
             Killed by divine providence
             ... invoked by an orc priest
              (10 damage)
             ... on level 3 of the Dungeon.
             The game lasted 00:02:37 (867 turns).

ololoev the Grave Robber (Vampire Necromancer)       Turns: 867, Time: 00:02:38

Health: -8/17      AC:  2    Str:  7    XL:     2   Next: 82%
Magic:  3/5        EV: 12    Int: 17    God:
Gold:   72         SH:  0    Dex: 14    Spells: 1 memorised, 4 levels left

rFire  . . .     SeeInvis +     i - +0 dagger
rCold  . . .     Clarity  .     a - +0 robe
rNeg   + . .     SustAt   .     (no shield)
rPois  .         Gourm    .     (helmet restricted)
rElec  .         Spirit   .     (no cloak)
rCorr  .         Warding  +     (no gloves)
rMut   .         Stasis   .     (no boots)
MR     .....                    l - amulet of warding
Stlth  ++........               (no ring)
                                k - ring of wizardry

@: regenerating quickly, not resistant to hostile enchantments, unstealthy
A: antennae 1, fangs 3, see invisible, frail 1, unbreathing
a: no special abilities


Innate Abilities, Weirdness & Mutations

Your natural rate of healing is unusually fast.
You have razor-sharp teeth.
You have supernaturally acute eyesight.
You can survive without breathing.
You have a pair of small antennae on your head.
You are frail (-10% HP).

Inventory:

Hand weapons
 i - a +0 dagger (weapon)
Armour
 a - a +0 robe (worn)
Jewellery
 k - a ring of wizardry (left hand)
 l - an amulet of warding (around neck)
Potions
 c - a potion of magic {unknown}
 d - a potion of resistance
 e - a potion of agility
 m - a potion of might {unknown}
Books
 b - a book of Necromancy

   Spells                             Type                      Level
   a - Pain                           Necromancy                   1
   b - Animate Skeleton               Necromancy                   1
   c - Vampiric Draining              Necromancy                   3
   d - Regeneration                   Charms/Necromancy            3
   e - Animate Dead                   Necromancy                   4
   f - Control Undead                 Necromancy                   4


   Skills:
 - Level 2.1 Dodging
 - Level 3.0 Stealth
 - Level 2.0 Spellcasting
 + Level 5.4 Necromancy


You had 4 spell levels left.
You knew the following spells:

 Your Spells              Type           Power        Failure   Level  Hunger
a - Pain                  Necr           ###.         1%          1    #......


You were on level 3 of the Dungeon.
You were very full.

You visited 1 branch of the dungeon, and saw 3 of its levels.

You collected 72 gold pieces.

.## # ..#.#
#.#. ... #.#
##.#
####..#####
#....@†o..#
+.....oo##.#
##.#...##
#.##..# #
##.. ###

Notes
Turn   | Place    | Note
--------------------------------------------------------------
     0 | D:1      | ololoev the Vampire Necromancer began the quest for the Orb.
     0 | D:1      | Reached XP level 1. HP: 13/13 MP: 3/3
   284 | D:1      | Reached XP level 2. HP: 17/19 MP: 1/5
   342 | D:1      | Reached skill level 5 in Necromancy
   856 | D:2      | Gained mutation: You are frail (-10% HP). [potion of mutation]
   856 | D:2      | Gained mutation: You have a pair of small antennae on your head. [potion of mutation]
   861 | D:2      | You fall through a shaft!
   867 | D:3      | Killed from afar by an orc priest

Dungeon Overview and Level Annotations

Branches:
Dungeon (3/15)

Altars:


Message History

You drop a -2 mace.
Drink which item? (? for menu, Esc to quit)
You feel extremely strange.
You feel frail. A pair of antennae grows on your head!
You fall through a shaft!
The shaft crumbles and collapses.
You hear the sound of rushing water.
There is an entrance to a sewer on this level.
Hurry and find it before the portal rusts away! 3 orcs come into view.
Found a glowing emerald potion.
Found a stone staircase leading down.
The orc shouts! x2
The orc barely misses you.
An orc priest comes into view. It is wielding a whip.
You completely miss the orc. You closely miss the orc.
The orc hits you but does no damage.
You hit the orc.
The orc is severely wounded.
The orc priest casts a cantrip, but nothing happens.
The orc hits you but does no damage. The orc hits you.
Casting: Pain
Confirm with . or Enter, or press ? or * to list all spells.
Aiming: Pain
Press: ? - help, Shift-Dir - straight line, f - orc
Aim: an orc (severely wounded, chance to defeat MR: 89%)
The orc convulses in agony!
You kill the orc!
The orc hits you with a war axe!
Ouch! That really hurt!
The orc priest casts a cantrip, but nothing happens.
The orc hits you but does no damage.
Casting: Pain
Confirm with . or Enter, or press ? or * to list all spells.
Aiming: Pain
Press: ? - help, Shift-Dir - straight line, f - orc
Aim: an orc, wearing a leather armour (chance to defeat MR: 90%)
The orc convulses in agony!
The orc misses you.
The orc priest invokes the aid of Beogh against you.
Something smites you!
Ouch! That really hurt!
You die...

You could see an orc priest and 2 orcs.

Vanquished Creatures
  An orc (D:3)
  A ball python (D:1)
  2 bats (D:1)
  2 giant cockroaches
  5 goblins
  3 hobgoblins (D:1)
  A kobold (D:1)
  A giant gecko (D:1)
  A giant newt (D:2)
  3 rats (D:1)
20 creatures vanquished.

Action                   || total
-------------------------++-------
Melee: Unarmed           ||    38
       Dagger            ||    22
 Cast: Pain              ||    15
  Use: Scroll            ||     5
       Potion            ||     2
  Eat: Corpse            ||     7

Vault maps used:
D:1:      minmay_arrival_jagged, minmay_misc_feat_encased, minivault_27
D:2:      first_bread
D:3:      nicolae_gozag_seed_capital, portal_sewer_entry_f, led_xom_imps,
          uniq_robin
